 Dungeon Crawl Stone Soup version 0.30.1-3-gfc49f6343a (webtiles) character file.

Game seed: 3944230955537389947

2134 wingedge the Vexing (level 8, 0/63 HPs)
             Began as a Demigod Wanderer on Aug 1, 2023.
             Slain by Menkaure (8 damage)
             ... on level 7 of the Dungeon.
             The game lasted 00:31:59 (6852 turns).

wingedge the Vexing (Demigod Wanderer)              Turns: 6852, Time: 00:32:00

Health: 0/63       AC:  7    Str: 13    XL:     8   Next: 82%
Magic:  21/23      EV: 10    Int: 20    God:
Gold:   221        SH:  4    Dex: 12    Spells: 4/11 levels left

rFire   . . .        a - +5 rapier "Sich" {spect, rPois Int+2 Dex-5}
rCold   . . .        m - +0 buckler
rNeg    . . .        d - +0 robe
rPois   +            (helmet restricted)
rElec   .            D - +0 cloak
rCorr   .            B - +2 pair of gloves {hurl}
SInv    .            (no boots)
Will    +....        q - amulet of magic regeneration
Stlth   +++          k - ring of magical power
HPRegen 0.30/turn    J - ring of willpower
MPRegen 0.58/turn

%: no passive effects
@: confusing by touch
A: high MP 1, forlorn, divine attributes, beak, shaggy fur 1
a: no special abilities


You were on level 7 of the Dungeon.
You visited 1 branch of the dungeon, and saw 7 of its levels.
You also visited: Ossuary.

You collected 479 gold pieces.
You spent 258 gold pieces at shops.

Inventory:

Hand Weapons
 a - the +5 rapier "Sich" (weapon) {spect, rPois Int+2 Dex-5}
   (You found it on level 6 of the Dungeon)

   Int:       It affects your intelligence (+2).
   Dex:       It affects your dexterity (-5).
   rPois:     It protects you from poison.
 b - a +0 dagger
 c - a +2 whip of venom
 F - a +0 sling
Missiles
 f - 2 poisoned darts (quivered)
Armour
 d - a +0 robe (worn)
 m - a +0 buckler (worn)
 s - a +0 ring mail
 B - a +2 pair of gloves of hurling (worn)
 D - a +0 cloak (worn)
Magical Staves
 r - a staff of air
Jewellery
 g - a ring of protection from cold
 k - a ring of magical power (left hand)
 q - an amulet of magic regeneration (around neck)
 J - a ring of willpower (right hand)
Scrolls
 e - 2 scrolls of magic mapping
 i - a scroll of vulnerability
 j - a scroll of immolation {unknown}
 p - 4 scrolls of teleportation
 u - a scroll of poison {unknown}
 v - 2 scrolls of fog {unknown}
 y - a scroll of amnesia {unknown}
 A - 3 scrolls of summoning {unknown}
 E - a scroll of blinking {unknown}
 H - a scroll of fear {unknown}
Potions
 h - 2 potions of berserk rage
 l - 5 potions of mutation
 n - 2 potions of magic
 o - 3 potions of cancellation
 t - 3 potions of might
 w - 3 potions of brilliance {unknown}
 x - 2 potions of ambrosia
 z - a potion of curing {unknown}
 C - 2 potions of attraction
 I - 2 potions of flight {unknown}
 K - a potion of degeneration {unknown}
 L - 2 potions of heal wounds


   Skills:
 - Level 3.0 Fighting
 - Level 5.0 Short Blades
 - Level 1.0 Throwing
 + Level 5.2 Stealth
 - Level 2.0 Shields
 - Level 2.0 Spellcasting
 + Level 6.8 Hexes
 + Level 1.4 Summonings
 - Level 5.0 Ice Magic
 - Level 1.0 Evocations


You had 4 spell levels left.
You knew the following spells:

 Your Spells              Type           Power      Damage    Failure   Level
a - Slow                  Hex            100%       N/A       1%          1
b - Ensorcelled Hibernat  Hex/Ice        50%        N/A       2%          2
c - Confusing Touch       Hex            29%        N/A       3%          3
d - Summon Small Mammal   Summ           28%        N/A       12%         1

Your spell library contained the following spells:

 Spells                   Type           Power      Damage    Failure   Level
 Summon Guardian Golem    Hex/Summ       18%        N/A       12%         3
 Dazzling Flash           Conj/Hex       30%        N/A       16%         3
 Kiss of Death            Conj/Necr      8%         2d6       22%         1
 Magic Dart               Conj           8%         1d3       22%         1
 Passwall                 Tmut/Erth      1%         N/A       32%         2
 Call Canine Familiar     Summ           7%         N/A       34%         3
 Swiftness                Air            2%         N/A       54%         3
 Volatile Blastmotes      Fire/Tloc      4%         2d10      54%         3
 Iskenderun's Mystic Bla  Conj/Tloc      2%         2d3       91%         4
 Starburst                Conj/Fire      1%         6d3       100%        6


Dungeon Overview and Level Annotations

Branches:
Dungeon (7/15)             Temple (0/1) D:7         Ossuary (visited)

Shops:
D:3 [

Annotations:
D:3 venom whip orc
D:7 Menkaure


Innate Abilities, Weirdness & Mutations

You have an increased reservoir of magic. (+10% MP)
You shall have no god before yourself.
Your divine heritage dramatically boosts your attributes as you level up.
You have a beak for a mouth.
You are covered in fur. (AC +1)


Message History

Throw: javelin
Press: ? - help, Q - select action, (/) - cycle Shift-Dir - straight line, f - Menkaure
Aim: Menkaure (moderately damaged, 77% to hit)
You throw a javelin. The javelin pierces through Menkaure!
Menkaure is severely damaged.
Menkaure calls on the powers of darkness!
The howler monkey convulses!
Your body is wracked with pain!
* * * LOW HITPOINT WARNING * * *
Casting: Confusing Touch (dangerous; 3% risk of failure)
Confirm with . or Enter, or press ? or * to list all spells.
Okay, then.
Casting: Confusing Touch (dangerous; 3% risk of failure)
Confirm with . or Enter, or press ? or * to list all spells.
Your hands begin to glow red.
You hit the howler monkey but do no damage.
You peck the howler monkey, but do no damage.
The howler monkey is severely wounded.
Menkaure's bandages flutter.
The howler monkey barely misses you.
You hit the howler monkey but do no damage.
The howler monkey appears confused.
You peck the howler monkey.
The howler monkey is severely wounded.
You catch the helpless howler monkey completely off-guard!
You puncture the howler monkey!
You kill the howler monkey!
Casting: Confusing Touch (dangerous; 3% risk of failure)
Confirm with . or Enter, or press ? or * to list all spells.
Your hands begin to glow red.
You hit Menkaure but do no damage. You peck Menkaure, but do no damage.
Menkaure is severely damaged.
Menkaure hits you!
* * * LOW HITPOINT WARNING * * *
You hit Menkaure but do no damage.
Menkaure is severely damaged.
Menkaure mumbles some strange words.
Menkaure seems to speed up.
You barely miss Menkaure. You peck Menkaure, but do no damage.
Menkaure is severely damaged.
Menkaure hits you!
You die...

# ####### .. #.....# #..
#.....# ..####.....# .
...#.....# ...
#####.#.....##
............###............#
........<..(.M@.####.......#
............#######...#....#
........... #............#
.......... #.####..##.###
......... ###.# ##..##.#
..........#####...###...##.#
..........##....#.....#.##.#
..........##.####.#####.##)#
..........#..# #.# #..##)#


You could see Menkaure (fast).

Vanquished Creatures
  Duvessa (D:7)
  An orc warrior (D:7)
  An ice beast (D:6)
  2 black bears
  3 ogres
  A bullfrog (D:6)
  3 water moccasin zombies (Ossuary)
  2 scorpions
  Dowan (D:7)
  5 killer bees (D:7)
  A howler monkey (D:7)
  Crazy Yiuf (D:3)
  2 hounds
  A jelly (D:6)
  3 orc priests
  A gnoll bouda (D:7)
  2 iguanas
  A sleepcap (D:7)
  6 orc wizards
  2 mummies (Ossuary)
  7 gnolls
  5 adders
  2 shadow imps
  An ufetubus (D:5)
  6 adder zombies (Ossuary)
  2 worms
  2 dart slugs
  25 orcs
  5 bats
  5 endoplasms
  3 giant cockroaches
  2 gnoll zombies (Ossuary)
  3 goblins
  3 hobgoblins
  7 jackals (D:1)
  5 quokkas
  5 ball pythons
  A frilled lizard (D:1)
  9 hobgoblin zombies (Ossuary)
  6 kobolds
  2 kobold zombies (Ossuary)
  5 orc zombies (Ossuary)
  3 rats
154 creatures vanquished.

Notes
Turn   | Place    | Note
-------+----------+-------------------------------------------
     0 | D:1      | wingedge the Demigod Wanderer began the quest for the Orb.
     0 | D:1      | wingedge set off with the following items: a +0 rapier, a
                  | wand of polymorph (3), a potion of attraction, a +0 robe;
                  | and the following spell memorised: Slow; and the following
                  | spells available to memorise: Confusing Touch.
     0 | D:1      | Reached XP level 1. HP: 14/14 MP: 4/4
   284 | D:1      | Reached skill level 1 in Fighting
   302 | D:1      | Reached XP level 2. HP: 21/23 MP: 5/5
   440 | D:1      | Reached skill level 3 in Hexes
   460 | D:1      | Reached skill level 1 in Stealth
   888 | D:1      | Reached XP level 3. HP: 28/28 MP: 6/6
  1229 | D:2      | Gained mutation: You are covered in fur. (AC +1) [potion of
                  | mutation]
  1229 | D:2      | Gained mutation: You have a beak for a mouth. [potion of
                  | mutation]
  1569 | D:2      | Learned a level 2 spell: Ensorcelled Hibernation
  1711 | D:3      | Found a runed translucent door.
  1712 | D:3      | Noticed Crazy Yiuf
  1852 | D:3      | Found Zucsati's Armour Boutique.
  2448 | D:4      | Noticed an ogre
  2598 | D:4      | Reached XP level 4. HP: 29/36 MP: 8/8
  2662 | D:4      | Reached skill level 1 in Ice Magic
  2928 | D:4      | Killed an ogre
  2929 | D:4      | Reached XP level 5. HP: 38/41 MP: 9/9
  2945 | D:4      | Learned a level 3 spell: Confusing Touch
  3149 | D:3      | Bought a +2 pair of gloves of hurling for 258 gold pieces
  3427 | D:3      | Killed Crazy Yiuf
  3508 | D:4      | Got An Introduction to Wizarding
  3676 | D:5      | Entered Level 5 of the Dungeon
  3765 | D:5      | Reached XP level 6. HP: 48/48 MP: 10/10
  3855 | D:5      | Reached skill level 1 in Shields
  4525 | D:5      | You fall into a shaft and drop 2 floors!
  4549 | D:7      | Found a staircase to the Ecumenical Temple.
  4566 | D:7      | Reached skill level 4 in Hexes
  4622 | D:7      | Reached XP level 7. HP: 43/55 MP: 11/11
  4626 | D:7      | Reached skill level 5 in Hexes
  4631 | D:7      | Reached skill level 5 in Short Blades
  4816 | D:7      | Noticed Duvessa
  4818 | D:7      | Noticed Dowan
  4840 | D:7      | Killed Duvessa
  4841 | D:7      | Reached skill level 5 in Ice Magic
  4857 | D:7      | Killed Dowan
  5300 | D:7      | Reached XP level 8. HP: 63/63 MP: 12/12
  5360 | D:6      | Identified the +5 rapier "Sich" {spect, rPois Int+2 Dex-5}
  5397 | D:6      | Reached skill level 1 in Throwing
  5469 | D:6      | Reached skill level 6 in Hexes
  5552 | D:6      | Found a sand-covered staircase.
  5557 | Ossuary  | Entered an ossuary
  6000 | D:5      | Learned a level 1 spell: Summon Small Mammal
  6064 | D:6      | Reached skill level 5 in Stealth
  6257 | D:6      | Reached skill level 1 in Summonings
  6819 | D:7      | Noticed Menkaure
  6852 | D:7      | Slain by Menkaure

Illustrated notes

Levels and vault maps discovered:
D:1:      lemuel_arrival_hallway, layout_loops_ring,
          chequers_serial_rivers_room_b
D:2:      layout_basic
D:3:      layout_loops_corners, serial_shops,
          nicolae_shop_pleasant_corner_grove,
          shapermc_ecumenical_altar_mp_highgroup, minmay_pentomino_pile,
          uniq_crazy_yiuf_cottage
D:4:      layout_rooms, mainiacjoe_overflow_paths,
          nicolae_overflow_crystal_walls, vehumet_crystals
D:5:      layout_basic, mainiacjoe_overflow_24_doors,
          mainiacjoe_overflow_alcove_2, grunt_dithmenos_smoke,
          amethyst_overflow_temple_binary, kennysheep_generic_room_13
D:6:      layout_cave_pods, enter_ossuary_2
D:7:      layout_rooms, minmay_temple_entry_arrows, uniq_menkaure, uniq_duvessa

Skill      XL: |  1  2  3  4  5  6  7  8 |
---------------+-------------------------+-----
Fighting       | 1 2 3 |  3.0
Hexes          | 3 4 5 6 |  6.8
Stealth        | 1 2 3 5 |  5.2
Ice Magic      | 3 4 5 |  5.0
Shields        | 2 |  2.0
Short Blades   | 5 |  5.0
Throwing       | 1 |  1.0
Spellcasting   | 2 |  2.0
Summonings     | 1 |  1.4
Evocations     | |  1.0

Action                     |  1- 3 |  4- 6 |  7- 9 || total
---------------------------+-------+-------+-------++-------
  Melee: Rapier            |   137 |    46 |   140 ||   323
         Peck              |     4 |     5 |    39 ||    48
         Dagger            |       |    17 |    32 ||    49
         Whip              |       |     2 |     9 ||    11
  Throw: Javelin           |       |       |     7 ||     7
         Dart              |       |       |     1 ||     1
   Cast: Slow              |    41 |    20 |    15 ||    76
         Ensorcelled Hiber |     1 |    38 |    37 ||    76
         Confusing Touch   |       |       |     5 ||     5
  Evoke: Wand              |     3 |       |       ||     3
    Use: Scroll            |     8 |     3 |     3 ||    14
         Potion            |     3 |       |     2 ||     5
   Stab: Sleeping          |     4 |    23 |    29 ||    56
         Confused          |       |       |     2 ||     2
         Distracted        |       |       |     1 ||     1
 Armour: Robe              |    36 |    20 |    56 ||   112
  Dodge: Dodged            |    66 |    18 |    38 ||   122
  Block: Buckler           |     8 |    12 |    27 ||    47
